 Dungeon Crawl Stone Soup version 0.29-a0-823-gc37b1572da (webtiles) character file.

Game seed: 12450427335238040435

45 zeratav the Stinger (level 3, 0/31 HPs)
             Began as an Octopode Venom Mage on July 8, 2022.
             Succumbed to an adder's poison
             ... on level 2 of the Dungeon.
             The game lasted 00:02:09 (1536 turns).

zeratav the Stinger (Octopode Venom Mage)           Turns: 1536, Time: 00:02:10

Health: 0/31       AC:  1    Str:  7    XL:     3   Next: 64%
Magic:  3/6        EV: 13    Int: 19    God:
Gold:   60         SH:  0    Dex: 12    Spells: 5/6 levels left

rFire   . . .      SeeInvis .   b - +0 short sword {short}
rCold   . . .      Faith    .   (no shield)
rNeg    . . .      Spirit   .   (helmet restricted)
rPois   .          Reflect  .   (no amulet)
rElec   .          Harm     .   (no ring)
rCorr   .          Rampage  .   (no ring)
Will    .....                   (no ring)
Stlth   ..........              (no ring)
HPRegen 0.10/turn               (no ring)
MPRegen 0.10/turn               (no ring)
                                (no ring)
                                (no ring)

@: berserking, lethally poisoned (0 -> -7), very slightly contaminated, very
quick
A: almost no armour, amphibious, 8 rings, camouflage 1, gelatinous body 1,
(nimble swimmer 1), tentacles
a: no special abilities


You were on level 2 of the Dungeon.
You visited 1 branch of the dungeon, and saw 2 of its levels.

You collected 60 gold pieces.


Innate Abilities, Weirdness & Mutations

You cannot wear most types of armour.
You are amphibious.
You can wear up to eight rings at the same time.
Your skin changes colour to match your surroundings (Stealth+).
Your rubbery body absorbs attacks. (AC +1, EV +1)
((You are camouflaged when in or above water. (Stealth+)))
You have tentacles for arms and can constrict up to eight enemies at once.


   Skills:
 - Level 2.0 Dodging
 + Level 4.3 Stealth
 - Level 2.0 Spellcasting
 - Level 1.0 Transmutations
 + Level 4.6 Poison Magic


You had 5 spell levels left.
You knew the following spells:

 Your Spells              Type           Power      Damage    Failure   Level
a - Sting                 Tmut/Pois      48%        1d5       5%          1

Your spell library contained the following spells:

 Spells                   Type           Power      Damage    Failure   Level
 Poisonous Vapours        Pois/Air       20%        N/A       10%         2
 Olgreb's Toxic Radiance  Pois           19%        N/A       24%         4
 Mephitic Cloud           Conj/Pois/Air  7%         N/A       26%         3

Inventory:

Hand Weapons
 b - a +0 short sword (weapon) {short}
   (You took it off a kobold on level 1 of the Dungeon)
Scrolls
 c - 5 scrolls of identify {unknown}
 f - 2 scrolls of teleportation {unknown}
Potions
 a - 2 potions of magic
 d - a potion of berserk rage {!q}
 e - a potion of curing {unknown}
 g - a potion of invisibility {unknown}

Dungeon Overview and Level Annotations

Branches:
Dungeon (2/15) Zot: 10460

Altars:
Fedhas

##......##.......#
###...#.##.###.###
####<##.##)# #.#
.....##.##.###.#
###............# #
##.########### #
#.# # #.#
########### #.#
####...@.†...# #.#
#....#######.# #>#
♣.≈♣.#
####.###♣♣≈♣♣♣..
.......♣♣P≈♣♣ ###
###...♣♣♣P≈.♣
#..♣♣♣♣♣♣≈♣♣
##.♣≈♣P♣≈≈.♣P♣♣
#...≈≈≈≈≈≈.≈≈...


There were no monsters in sight!


Message History

No target in view!
No target in view!
No target in view!
No target in view!
No target in view!
No target in view!
No target in view!
No target in view!
No target in view!
No target in view!
No target in view!
No target in view!
No target in view!
You see here a hobgoblin corpse.
d - 2 metallic cyan potions (gained 1)
You open the door.
Found a stone staircase leading up.
There is an open door here.
You see here a +0 spear {polearm}.
Found a stone staircase leading down.
You see here a +0 hand axe {axe}.
There is a stone staircase leading down here.
An adder comes into view.
An adder is nearby!
An adder is nearby!
The helpless adder fails to defend itself.
You hit the adder. Your grab misses the adder. The adder misses you.
The adder bites you.
You are poisoned.
The adder poisons you!
HP[-3]
You take 3 damage, and now have 18/21 hp.
You hit the adder but do no damage. Your grab misses the adder.
Your squeeze misses the adder.
You feel sick. The adder barely misses you.
HP[-2]
You take 2 damage, and now have 16/21 hp.
You barely miss the adder. Your grab misses the adder.
You feel sick. The adder bites you.
HP[-4]
You take 4 damage, and now have 12/21 hp.
You hit the adder. Your grab misses the adder. Your squeeze misses the adder.
You feel sick. The adder barely misses you. The adder closely misses you.
HP[-1]
You take 1 damage, and now have 11/21 hp.
You closely miss the adder. Your grab misses the adder. You squeeze the adder.
You feel sick. The adder bites you.
* * * LOW HITPOINT WARNING * * *
You are more poisoned.
The adder poisons you!
HP[-4]
You take 4 damage, and now have 7/21 hp.
Casting: Sting (safe; 5% risk of failure)
Confirm with . or Enter, or press ? or * to list all spells.
Aiming: Sting (safe; 5% risk of failure)
Press: ? - help, Shift-Dir - straight line, f - adder
Aim: an adder (almost dead, 53% to hit)
You miscast Sting.
You are very lightly contaminated with residual magic.
Nothing appears to happen.
* * * LOW HITPOINT WARNING * * *
You feel sick. The adder closely misses you. The adder barely misses you.
HP[-1] MP[-1]
You take 1 damage, and now have 6/21 hp.
You lost 1 mp, and now have 5/6 mp.
Casting: Sting (safe; 5% risk of failure)
Confirm with . or Enter, or press ? or * to list all spells.
Aiming: Sting (safe; 5% risk of failure)
Press: ? - help, Shift-Dir - straight line, f/p - adder
Aim: an adder (almost dead, 53% to hit)
The sting misses the adder.
* * * LOW HITPOINT WARNING * * *
You feel sick. The adder bites you.
* * * LOW HITPOINT WARNING * * *
You are more poisoned.
The adder poisons you!
HP[-2] MP[-1]
You take 2 damage, and now have 4/21 hp.
You lost 1 mp, and now have 4/6 mp.
Casting: Sting (safe; 5% risk of failure)
Confirm with . or Enter, or press ? or * to list all spells.
Aiming: Sting (safe; 5% risk of failure)
Press: ? - help, Shift-Dir - straight line, f/p - adder
Aim: an adder (almost dead, 53% to hit)
The sting hits the adder.
The adder is poisoned.
You kill the adder!
* * * LOW HITPOINT WARNING * * *
You feel sick.
HP[-2] MP[-1]
You take 2 damage, and now have 2/21 hp.
You lost 1 mp, and now have 3/6 mp.
It was a potion of berserk rage.
A red film seems to cover your vision as you go berserk!
You feel yourself moving faster!
You feel mighty!
* * * LOW HITPOINT WARNING * * *
You feel sick.
HP[-1]
You now have 31 max hp (+10).
You are too berserk!
You feel a strong urge to attack something.
You die...

Skill      XL: |  1  2  3 |
---------------+----------+-----
Stealth        | 3 4 |  4.3
Poison Magic   | 4 |  4.6
Dodging        | |  2.0
Spellcasting   | |  2.0
Transmutations | |  1.0

Action                   || total
-------------------------++-------
Melee: Unarmed           ||    11
       Tentacles         ||    11
       Constrict         ||    12
       Short sword       ||    43
       Punch             ||     1
 Cast: Sting             ||    12
  Use: Potion            ||     1
 Stab: Sleeping          ||     9
Armor: Skin              ||     1
Dodge: Dodged            ||    46

Levels and vault maps discovered:
D:1:      spicycebolla_green_bress_n_ham_2, layout_rooms,
          shapermc_ecumenical_altar_venn, st_stairs_12, minmay_tetromino_s4
D:2:      layout_loops_corners, basic_altar, serial_bayou_crossing

Notes
Turn   | Place    | Note
-------+----------+-------------------------------------------
     0 | D:1      | zeratav the Octopode Venom Mage began the quest for the
                  | Orb.
     0 | D:1      | Reached XP level 1. HP: 11/11 MP: 3/3
     0 | D:1      | magus.rc [v1.9.6]
    31 | D:1      | Reached skill level 3 in Stealth
   116 | D:1      | Reached XP level 2. HP: 17/17 MP: 1/5
   120 | D:1      | Reached skill level 4 in Poison Magic
   389 | D:1      | Found a faded altar of an unknown god.
   827 | D:1      | Reached XP level 3. HP: 21/21 MP: 6/6
   947 | D:2      | Found a blossoming altar of Fedhas.
   988 | D:2      | Reached skill level 4 in Stealth
  1533 | D:2      | HP: 5/21 [poisoned by an adder]
  1534 | D:2      | HP: 2/21 [poisoned by an adder]
  1536 | D:2      | Succumbed to an adder's poison

Vanquished Creatures
  An adder (D:2)
  A dart slug (D:1)
  3 ball pythons (D:1)
  4 endoplasms
  3 giant cockroaches
  A goblin (D:1)
  5 hobgoblins
  3 jackals (D:1)
  A bat (D:2)
  6 kobolds
  2 rats (D:1)
30 creatures vanquished.

Table legend:
 A = Non-vault XP
 B = Vault XP
 C = Vault XP percentage of total XP
 D = Non-vault monster count
 E = Vault monster count
 F = Vault count percentage of total count
                 A         B        C        D         E       F
            +---------+---------+-------+---------+---------+-------
      Total |      57 |       8 |  12.3 |      26 |       4 |  13.3
            +---------+---------+-------+---------+---------+-------
        D:1 |      28 |       8 |  22.2 |      16 |       4 |  20.0
        D:2 |      29 |       0 |   0.0 |      10 |       0 |   0.0
            +---------+---------+-------+---------+---------+-------

Illustrated notes

Table legend:
 A = Kills in this place as a percentage of kills in entire the game.
 B = Kills by you in this place as a percentage of kills by you in the entire game.
 C = Kills by friends in this place as a percentage of kills by friends in the entire game.
 D = Other kills in this place as a percentage of other kills in the entire game.
 E = Experience gained in this place as a percentage of experience gained in the entire game.
 F = Experience gained in this place divided by the number of levels of this place that you have seen.
                   A       B       C       D       E      F
               +-------+-------+-------+-------+-------+----------------------
         Total | 100.0 | 100.0 |   N/A |   N/A | 100.0 |  32.5
       Dungeon | 100.0 | 100.0 |   N/A |   N/A | 100.0 |  32.5
               +-------+-------+-------+-------+-------+----------------------

Table legend: (Time is in decaauts)
 A = Elapsed time spent in this place.
 B = Non-inter-level travel time spent in this place.
 C = Inter-level travel time spent in this place.
 D = Time resting spent in this place.
 E = Time spent auto-exploring this place.
 F = Levels seen in this place.
 G = Mean time per level.
                   A        B        C        D        E       F      G
               +--------+--------+--------+--------+--------+-----+--------+
         Total |   1539 |   1517 |     22 |      0 |   1298 |   2 |  769.5 |
       Dungeon |   1539 |   1517 |     22 |      0 |   1298 |   2 |  769.5 |
               +--------+--------+--------+--------+--------+-----+--------+

Top non-repeatable levels by time:
     D:1: 930 daAuts
     D:2: 608 daAuts
